 Dungeon Crawl Stone Soup version 0.30-a0-1066-g63dfefce0d (webtiles) character file.

Game seed: 18166069291090453423

63752 senseless the Grappler (level 14, -24/149 HPs)
             Began as a Troll Berserker on Apr 11, 2023.
             Was a High Priest of Trog.
             Killed by the raging water
             ... invoked by a water nymph
              (33 damage)
             ... on level 2 of the Shoals on Apr 12, 2023.
             The game lasted 00:54:09 (16854 turns).

senseless the Grappler (Troll Berserker)           Turns: 16854, Time: 00:54:09

Health: -24/149    AC: 21    Str: 32    XL:     14   Next: 69%
Magic:  13/13      EV: 12    Int:  3    God:    Trog [*****.]
Gold:   1829       SH:  5    Dex: 15    Spells: 13/13 levels left

rFire   . . .      SeeInvis .      - Unarmed
rCold   . . .      Faith    .    (no shield)
rNeg    . . .      Spirit   .    X - +2 storm dragon scales
rPois   .          Reflect  +    (helmet restricted)
rElec   +          Rampage  .    K - +2 cloak
rCorr   .                        (gloves unavailable)
Will    .....                    (boots unavailable) Stlth
                                 t - amulet of reflection
HPRegen 1.24/turn                x - +4 ring of protection
MPRegen 0.13/turn                U - +6 ring of dexterity

@: weak-willed
A: large, unfitting armour, claws 3, regeneration 1, shaggy fur 1, tough skin 1
a: Renounce Religion, Berserk, Trog's Hand, Brothers in Arms


You were on level 2 of the Shoals.
You worshipped Trog.
Trog was extremely pleased with you.
You visited 3 branches of the dungeon, and saw 19 of its levels.

You collected 1919 gold pieces.
You spent 90 gold pieces at shops.

Inventory:

Hand Weapons
 W - a +4 heavy executioner's axe
Missiles
 A - 6 javelins
 B - 8 boomerangs
 C - 2 throwing nets
 D - 6 datura-tipped darts
 I - a boomerang of dispersal
 L - 16 poisoned darts
 P - 10 large rocks
 Y - 4 silver javelins
Armour
 g - a scarf of resistance
 w - a +0 robe of cold resistance
 K - a +2 cloak (worn)
 M - a +1 robe of willpower
 O - a +1 troll leather armour
 R - a +0 kite shield
 X - +2 storm dragon scales (worn)
Jewellery
 j - a ring of fire
 k - a ring of magical power
 t - an amulet of reflection (around neck)
 x - a +4 ring of protection (left claw)
 F - an amulet of faith
 S - a ring of resist corrosion
 T - a +4 ring of protection
 U - a +6 ring of dexterity (right claw)
Wands
 p - a wand of charming (31)
 u - a wand of flame (41)
 y - a wand of digging (11)
 E - a wand of polymorph (9)
 N - a wand of mindburst (8)
 Z - a wand of roots (5)
Scrolls
 b - 11 scrolls of identify
 e - 7 scrolls of fear
 f - 2 scrolls of fog
 h - 9 scrolls of teleportation
 l - 8 scrolls of blinking
 r - 3 scrolls of enchant weapon
 H - a scroll of silence
 J - 2 scrolls of magic mapping
Potions
 c - 5 potions of invisibility
 d - 4 potions of brilliance
 m - 4 potions of haste
 n - 2 potions of might
 o - 2 potions of attraction
 q - 6 potions of curing
 s - 5 potions of mutation
 v - 3 potions of ambrosia
 z - 3 potions of lignification
 Q - a potion of cancellation
 V - a potion of magic
Miscellaneous
 a - a phial of floods


   Skills:
 + Level 12.1 Fighting
 + Level 10.2 Throwing
 + Level 1.3 Armour
 + Level 12.1 Dodging
 + Level 14.2 Unarmed Combat


You had 13 spell levels left.
You didn't know any spells.
Your spell library contained the following spells:

 Spells                   Type           Power      Damage    Failure   Level
 Foxfire                  Conj/Fire      0%         2x1d4     97%         1
 Freeze                   Ice            0%         1d3       97%         1
 Kiss of Death            Conj/Necr      0%         2d5       97%         1
 Sandblast                Erth           0%         2d4       97%         1
 Ensorcelled Hibernation  Hex/Ice        0%         N/A       99%         2
 Passwall                 Tmut/Erth      0%         N/A       99%         2
 Poisonous Vapours        Pois/Air       0%         N/A       99%         2
 Confusing Touch          Hex            0%         N/A       100%        3
 Dazzling Flash           Conj/Hex       0%         N/A       100%        3
 Frozen Ramparts          Ice            0%         1d1       100%        3
 Gell's Gravitas          Tloc           0%         N/A       100%        3
 Hailstorm                Conj/Ice       0%         3d3       100%        3
 Inner Flame              Hex/Fire       0%         N/A       100%        3
 Mephitic Cloud           Conj/Pois/Air  0%         N/A       100%        3
 Spider Form              Tmut/Pois      0%         N/A       100%        3
 Stone Arrow              Conj/Erth      0%         3d7       100%        3
 Teleport Other           Tloc           0%         N/A       100%        3
 Tukima's Dance           Hex            0%         N/A       100%        3
 Volatile Blastmotes      Fire/Tloc      0%         2d10      100%        3
 Anguish                  Hex/Necr       0%         N/A       100%        4
 Animate Armour           Summ/Erth      0%         N/A       100%        4
 Dispel Undead            Necr           0%         3d6       100%        4
 Flame Wave               Conj/Fire      0%         2d4       100%        4
 Iskenderun's Mystic Bla  Conj/Tloc      0%         2d3       100%        4
 Passage of Golubria      Tloc           0%         N/A       100%        4
 Petrify                  Tmut/Erth      0%         N/A       100%        4
 Sticky Flame             Conj/Fire      0%         2d3       100%        4
 Blade Hands              Tmut           0%         N/A       100%        5
 Fireball                 Conj/Fire      0%         3d3       100%        5
 Freezing Cloud           Conj/Ice/Air   0%         6-21      100%        5
 Metabolic Englaciation   Hex/Ice        0%         N/A       100%        5
 Yara's Violent Unravell  Hex/Tmut       0%         3d3       100%        5
 Dispersal                Tloc           0%         N/A       100%        6
 Iron Shot                Conj/Erth      0%         9d1       100%        6
 Plasma Beam              Fire/Air       0%         2x1d11    100%        6
 Starburst                Conj/Fire      0%         6d3       100%        6
 Statue Form              Tmut/Erth      0%         N/A       100%        6


Dungeon Overview and Level Annotations

Branches:
Dungeon (12/15)            Temple (0/1) D:6            Lair (5/5) D:10
 Shoals (2/4) Lair:3       Spider (0/4) Lair:2        Slime (0/5) Lair:4
    Orc (0/2) D:12

Altars:
Ashenzari
Cheibriados
Hepliaklqana
Kikubaaqudgha
Makhleb
Ru
Uskayaw
Yredelemnul
Zin

Shops:
D:3 :   D:6 :   D:12 ?

Annotations:
D:3 3 runed translucent doors, P0068685's ghost, amateur GnHs
D:12 6 runed translucent doors
Shoals:2 Ilsuiw


Innate Abilities, Weirdness & Mutations

You are too large for most types of armour.
You have claws for hands.
Your natural rate of healing is unusually fast.
You are covered in fur. (AC +1)
You have tough skin. (AC +1)


Message History

The silver javelin pierces through you!!
* * * LOW HITPOINT WARNING * * *
x2 The silver javelin pierces through the plant!!
The plant begins to die.
The faun hits the plant with a +0 spear!!
The plant begins to die.
Ilsuiw whispers, "Come on in, the water's fine."
Ilsuiw casts a spell.
Ilsuiw flickers and vanishes!
Deactivating autopickup; reactivate with Ctrl-A.
As you read the scroll of teleportation, it crumbles to dust.
You feel strangely unstable.
The faun hits the plant with a +0 spear!!
The merfolk javelineer throws a silver javelin.
The silver javelin pierces through you!
* * * LOW HITPOINT WARNING * * *
x2 The silver javelin pierces through the plant!!
The faun shoots a sling bullet.
The sling bullet hits you but does no damage.
Okay, then.
Okay, then.
Your two-headed ogre goes berserk!
The merfolk javelineer throws a silver javelin.
The silver javelin pierces through you but does no damage.
* * * LOW HITPOINT WARNING * * *
The silver javelin pierces through the plant!
The faun hits the plant with a +0 spear!
The faun points at you and mumbles some strange words.
Your willpower is stripped away!
You swap places.
Your surroundings suddenly seem different.
Splash!
You fall into the shallow water.
A water nymph, a centaur warrior and a sea snake come into view.
Found a wand of digging (5) and 3 potions of attraction.
The centaur warrior shouts!
The sea snake hisses angrily.
The sea snake bites you but does no damage.
The water nymph points at you and mumbles some strange words.
The water swirls and strikes you!!
You die...

~~~~~~.##..
≈~~~~~....#
≈≈~~~~.~~.##
≈≈~~~~~~~~.##
~≈~~~~~~~~.!###
~≈≈~~~~~~~/...#
~~~~~~~~~~~~~..
≈~~~~~~@~m~~c~~
≈≈~~~~~S~~~~~~~
≈≈≈~~~~~~~≈~~~~
≈≈≈≈≈~~~≈≈≈≈≈≈≈
≈≈≈≈≈≈≈≈≈≈≈≈≈≈≈
≈≈≈≈≈≈≈≈≈≈≈≈≈≈≈
≈≈≈≈≈≈≈≈≈≈≈≈≈≈≈
###############


You could see a sea snake, a centaur warrior and a water nymph.

Vanquished Creatures
  A hydra (Lair:5)
  A boulder beetle (D:12)
  A merfolk aquamancer (Shoals:1)
  A merfolk avatar (Shoals:2)
  7 two-headed ogres
  Erica (D:10)
  3 alligators (Lair:4)
  A satyr (Shoals:2)
  A deep elf knight (D:12)
  4 skysharks
  2 sea snakes
  2 manticores
  2 fauns (Shoals:1)
  3 ugly things
  2 cyclopes (D:12)
  An oklob plant (Lair:5)
  2 black mambas
  4 merfolk sirens
  A torpor snail (Lair:2)
  13 cane toads
  4 rime drakes
  9 komodo dragons
  A kobold demonologist (D:10)
  2 ice devils (D:12)
  Psyche (D:9)
  An efreet (D:12)
  5 merfolk
  4 trolls
  7 polar bears
  6 hornets
  2 wind drakes
  3 blink frogs
  2 dream sheep (Lair:5)
  6 snapping turtles
  A shadow (D:9)
  2 slime creatures (D:12)
  A culicivora (Lair:2)
  5 wraiths
  13 spriggans (Lair:5)
  5 basilisks
  2 wyverns (Lair:1)
  7 water elementals
  41 yaks
  14 vampire mosquitoes
  Menkaure (D:7)
  5 swamp worms (Lair:4)
  3 acid dragons
  20 water moccasins
  9 black bears
  3 orc warriors
  3 ice beasts
  2 sky beasts (D:7)
  3 ogres
  65 wolves
  4 boggarts (Lair:5)
  2 phantoms
  3 centaurs (D:9)
  A kobold brigand (D:9)
  9 bullfrogs
  A gnoll sergeant (D:10)
  7 scorpions
  9 wights
  6 electric eels
  3 howler monkeys
  3 hounds
  2 jellies
  5 orc priests
  2 gnoll boudas
  Natasha (thrice) (D:3)
  8 iguanas
  2 sleepcaps
  7 hell rats (Lair:3)
  9 orc wizards
  A mummy (D:6)
  17 gnolls
  7 adders
  A white imp (D:6)
  An ufetubus (D:6)
  2 worms (D:3)
  2 dart slugs
  32 orcs
  7 ball pythons
  5 bats
  9 endoplasms
  A giant cockroach (D:4)
  11 goblins
  8 hobgoblins
  2 jackals (D:3)
  4 quokkas
  7 frilled lizards
  3 hobgoblin zombies (D:6)
  11 kobolds
  A kobold zombie (D:6)
  3 rats
  A fire vortex (D:12)
533 creatures vanquished.

Vanquished Creatures (collateral kills)
  A hydra (Lair:2)
  A merfolk siren (Shoals:2)
  A dream sheep (Lair:5)
  A spriggan (Lair:5)
  A wolf (Lair:5)
5 creatures vanquished.

Vanquished Creatures (others)
  42 fungi
  71 plants
  3 toadstools (D:2)
  A withered plant (D:5)
117 creatures vanquished.

Grand Total: 655 creatures vanquished

Notes
Turn   | Place    | Note
-------+----------+-------------------------------------------
     0 | D:1      | senseless the Troll Berserker began the quest for the Orb.
     0 | D:1      | Reached XP level 1. HP: 22/22 MP: 0/0
   109 | D:1      | Reached XP level 2. HP: 29/29 MP: 1/1
   193 | D:1      | Found a faded altar of an unknown god.
   731 | D:2      | Reached XP level 3. HP: 31/36 MP: 2/2
   739 | D:2      | Reached ** piety under Trog
  1557 | D:3      | Found a runed translucent gate.
  1613 | D:3      | Reached XP level 4. HP: 44/45 MP: 3/3
  1698 | D:3      | Noticed Natasha
  1707 | D:3      | Killed Natasha
  1749 | D:3      | Noticed Natasha
  1754 | D:3      | Killed Natasha
  1755 | D:3      | Reached skill level 4 in Unarmed Combat
  1786 | D:3      | Found Amocail's Book Shop.
  1799 | D:3      | Found a runed translucent gate.
  1803 | D:3      | Found a runed translucent gate.
  1804 | D:3      | Noticed P0068685's ghost (amateur GnHs)
  1804 | D:3      | Noticed a centaur
  1832 | D:3      | Found a basalt altar of Yredelemnul.
  1870 | D:3      | Noticed Natasha
  1877 | D:3      | Killed Natasha
  1878 | D:3      | Reached XP level 5. HP: 48/53 MP: 4/4
  1988 | D:4      | Noticed a phantom
  1991 | D:4      | Reached *** piety under Trog
  2001 | D:4      | Killed a phantom
  2043 | D:4      | Reached XP level 6. HP: 44/62 MP: 5/5
  2144 | D:4      | Found a glowing silver altar of Zin.
  2187 | D:4      | Found a hazy altar of Hepliaklqana.
  2274 | D:4      | Reached skill level 5 in Unarmed Combat
  2652 | D:4      | Reached XP level 7. HP: 70/70 MP: 6/6
  2846 | D:5      | Entered Level 5 of the Dungeon
  2985 | D:5      | Found an ancient bone altar of Kikubaaqudgha.
  3176 | D:5      | Reached skill level 5 in Fighting
  3176 | D:5      | Reached skill level 5 in Dodging
  3176 | D:5      | Reached skill level 6 in Unarmed Combat
  3176 | D:5      | Reached XP level 8. HP: 71/80 MP: 7/7
  3279 | D:5      | Reached **** piety under Trog
  4098 | D:6      | Found a staircase to the Ecumenical Temple.
  4144 | D:6      | Reached skill level 7 in Unarmed Combat
  4191 | D:6      | Found Ceotuc's Book Shoppe.
  4482 | D:6      | Found a snail-covered altar of Cheibriados.
  4567 | D:7      | Noticed Menkaure
  4573 | D:7      | Killed Menkaure
  4612 | D:7      | Reached XP level 9. HP: 89/89 MP: 8/8
  5046 | D:7      | Reached skill level 8 in Unarmed Combat
  5231 | D:8      | Found a hide-covered altar of Uskayaw.
  5234 | D:8      | Noticed a two-headed ogre
  5242 | D:8      | Killed a two-headed ogre
  5716 | D:8      | Reached XP level 10. HP: 102/102 MP: 9/9
  5932 | D:8      | Reached skill level 9 in Unarmed Combat
  6342 | D:9      | Reached skill level 1 in Throwing
  6509 | D:9      | Noticed a two-headed ogre
  6517 | D:9      | Killed a two-headed ogre
  6620 | D:9      | Noticed Psyche
  6678 | D:9      | Killed Psyche
  6749 | D:9      | Found a broken altar of Ashenzari.
  6783 | D:9      | Noticed a two-headed ogre
  6790 | D:9      | Killed a two-headed ogre
  6947 | D:9      | Found a sacrificial altar of Ru.
  6989 | D:9      | Found a burning altar of Makhleb.
  7270 | D:10     | Entered Level 10 of the Dungeon
  7437 | D:10     | Noticed Erica
  7457 | D:10     | Killed Erica
  7458 | D:10     | Reached skill level 10 in Unarmed Combat
  7504 | D:10     | Reached XP level 11. HP: 113/113 MP: 10/10
  7556 | D:10     | Found a staircase to the Lair.
  7597 | D:10     | Reached ***** piety under Trog
  7667 | D:10     | Noticed a red ugly thing
  7673 | D:10     | Noticed a sun demon
  7683 | D:10     | Killed a red ugly thing
  8208 | D:10     | Noticed a two-headed ogre
  8213 | D:10     | Killed a two-headed ogre
  8401 | D:11     | Reached skill level 5 in Throwing
  8858 | D:11     | Noticed a cyan ugly thing
  8868 | D:11     | Killed a cyan ugly thing
  9173 | D:12     | Noticed a boulder beetle
  9192 | D:12     | Killed a boulder beetle
  9193 | D:12     | Reached skill level 11 in Unarmed Combat
  9303 | D:12     | Found a runed translucent gate.
  9303 | D:12     | Found a runed translucent gate.
  9303 | D:12     | Found a runed translucent gate.
  9321 | D:12     | Noticed a cyan ugly thing
  9321 | D:12     | Noticed a two-headed ogre
  9339 | D:12     | HP: 6/172 [two-headed ogre/+0 giant club (13)]
  9341 | D:12     | Killed a two-headed ogre
  9342 | D:12     | Reached XP level 12. HP: 4/124 MP: 11/11
  9556 | D:12     | Noticed a two-headed ogre
  9564 | D:12     | Killed a two-headed ogre
  9671 | D:12     | Noticed a two-headed ogre
  9677 | D:12     | Killed a two-headed ogre
  9691 | D:12     | Found Axte's Magic Scroll Emporium.
  9693 | D:12     | Found a staircase to the Orcish Mines.
  9699 | D:12     | Bought a scroll of teleportation for 45 gold pieces
  9699 | D:12     | Bought a scroll of teleportation for 45 gold pieces
  9980 | D:12     | Found a runed translucent gate.
  9980 | D:12     | Found a runed translucent gate.
  9980 | D:12     | Found a runed translucent gate.
  9985 | D:12     | Noticed a storm dragon
  9985 | D:12     | Noticed a yaktaur captain
 10069 | D:12     | Noticed a sphinx
 10177 | Lair:1   | Entered Level 1 of the Lair of Beasts
 10354 | Lair:1   | Reached skill level 10 in Fighting
 10358 | Lair:1   | Reached skill level 10 in Dodging
 10564 | Lair:1   | Reached skill level 12 in Unarmed Combat
 10571 | Lair:1   | You fall into a shaft and drop 1 floor!
 11095 | Lair:2   | Reached XP level 13. HP: 106/135 MP: 12/12
 11218 | Lair:2   | Upgraded the game from 0.30-a0-1053-gbd8d5ba0ad to
                  | 0.30-a0-1066-g63dfefce0d
 11288 | Lair:2   | Found a hole to the Spider Nest.
 12298 | Lair:3   | Found a staircase to the Shoals.
 12615 | Lair:4   | Found a staircase to the Slime Pits.
 12937 | Lair:4   | Reached skill level 13 in Unarmed Combat
 13060 | Lair:4   | Reached ****** piety under Trog
 13888 | Lair:5   | Entered Level 5 of the Lair of Beasts
 14175 | Lair:5   | Received a gift from Trog
 14426 | Lair:5   | Reached XP level 14. HP: 93/146 MP: 13/13
 15658 | Shoals:1 | Entered Level 1 of the Shoals
 15661 | Shoals:1 | Identified the +1 chain mail of Vampiric Thralls {rC+ Will-
                  | Regen+}
 15845 | Shoals:1 | Received a gift from Trog
 15998 | Shoals:1 | Reached skill level 10 in Throwing
 16022 | Shoals:1 | Reached skill level 14 in Unarmed Combat
 16792 | Shoals:2 | Reached skill level 1 in Armour
 16809 | Shoals:2 | Noticed Ilsuiw
 16831 | Shoals:2 | HP: 2/149 [water elemental[Ilsuiw] (6)]
 16852 | Shoals:2 | HP: 7/149 [merfolk javelineer/silver javelin[Ilsuiw] (2)]
 16854 | Shoals:2 | Killed from afar by a water nymph

Illustrated notes

Levels and vault maps discovered:
D:1:      evilmike_arrival_hilbert_curve, layout_loops_ring,
          shapermc_ecumenical_altar_acropolis, minmay_tripent
D:2:      layout_loops_ring, minmay_gold_behind_fungi
D:3:      layout_rooms, yredelemnul_altar_generic, serial_shops,
          nicolae_shop_crystal, gammafunk_ghost_split, serial_bayou_pond_b,
          item_on_display_a, uniq_natasha
D:4:      layout_gridville, kennysheep_mini, mainiacjoe_overflow_24_doors,
          kennysheep_generic_room_4
D:5:      layout_loops_cross, kiku_gazebo_garden_becter
D:6:      layout_basic, amcnicky_altar_gilded, minmay_temple_entry_tees,
          serial_shops, nicolae_shop_crystal, minmay_mini_ossuary
D:7:      layout_basic, uniq_menkaure
D:8:      layout_loops_corners, mainiacjoe_overflow_catwalk, minmay_lizard_king
D:9:      layout_gridville, overflow_temple_1_default, old_standard_altar,
          nicolae_ru_sacrificial_ziggurat, uniq_psyche
D:10:     layout_irregular_city, due_lair_maze_entry_diamond,
          minmay_increasing_density, uniq_erica
D:11:     layout_roguey, kennysheep_boxes
D:12:     kennysheep_treasure_stockpile, layout_irregular_city, orc_0_dummy,
          serial_shops, nicolae_diamond_shop, portal_ice_cave_demonic_guard,
          minmay_misc_feat_tower
Lair:1:   layout_regular_city, minivault_26, beast_lair_carwin_9
Lair:2:   layout_regular_city, spider_nest_entry_rubble
Lair:3:   layout_chaotic_city, minmay_shoals_entry_hut, serial_bayou_shore_a,
          grunt_megastairs_2, serial_bayou_shore_b
Lair:4:   onia_ninara_swampy_vault, layout_cave_pods, slime_entry_1
Lair:5:   minmay_lair_end_enchanted_forest, layout_cave_pods,
          grunt_forest_large_clearings
Shoals:1: layout_shoals
Shoals:2: layout_shoals, uniq_ilsuiw

Skill      XL: |  1  2  3  4  5  6  7  8  9 10 11 12 13 14 |
---------------+-------------------------------------------+-----
Fighting       | 3 4 5 6 7 8 9 10 11 12 | 12.1
Dodging        | 3 4 5 6 7 8 9 10 11 12 | 12.1
Unarmed Combat | 4 5 6 7 8 10 11 12 13 14 | 14.2
Throwing       | 3 5 7 9 10 | 10.2
Armour         | 1 |  1.3

Action                     |  1- 3 |  4- 6 |  7- 9 | 10-12 | 13-15 || total
---------------------------+-------+-------+-------+-------+-------++-------
  Melee: Unarmed           |   112 |    96 |   252 |   547 |   740 ||  1747
         Punch             |     1 |     2 |    12 |    39 |    64 ||   118
  Throw: Large rock        |       |       |       |       |     4 ||     4
         Boomerang         |       |       |       |       |    14 ||    14
         Dart              |       |       |       |       |    13 ||    13
 Invoke: Berserk           |       |     1 |     8 |    14 |     4 ||    27
         Trog's Hand       |       |       |       |     1 |       ||     1
         Brothers in Arms  |       |       |       |       |     4 ||     4
    Use: Scroll            |       |       |    25 |     4 |    10 ||    39
         Potion            |       |       |       |     1 |     2 ||     3
   Stab: Sleeping          |     1 |       |       |       |       ||     1
         Distracted        |       |       |       |       |     1 ||     1
 Armour: Animal skin       |    34 |    30 |    84 |    18 |       ||   166
         Acid dragon scale |       |       |       |    83 |       ||    83
         Troll leather arm |       |       |       |   132 |     3 ||   135
         Storm dragon scal |       |       |       |       |   432 ||   432
  Dodge: Dodged            |    47 |    51 |    88 |   307 |   373 ||   866
  Block: Other             |       |     8 |    52 |   118 |   151 ||   329
         Reflection        |       |       |     1 |     3 |     1 ||     5

Table legend: (Time is in decaauts)
 A = Elapsed time spent in this place.
 B = Non-inter-level travel time spent in this place.
 C = Inter-level travel time spent in this place.
 D = Time resting spent in this place.
 E = Time spent auto-exploring this place.
 F = Levels seen in this place.
 G = Mean time per level.
                   A        B        C        D        E       F      G
               +--------+--------+--------+--------+--------+-----+--------+
         Total |  16783 |  16022 |    761 |   1326 |  11573 |  19 |  883.3 |
       Dungeon |  10300 |   9689 |    611 |    797 |   7143 |  12 |  858.3 |
          Lair |   5320 |   5174 |    146 |    229 |   3830 |   5 | 1064.0 |
        Shoals |   1162 |   1159 |      3 |    299 |    600 |   2 |  581.0 |
               +--------+--------+--------+--------+--------+-----+--------+

Top non-repeatable levels by time:
  Lair:5: 1668 daAuts
  Lair:4: 1253 daAuts
     D:8: 1251 daAuts
    D:12: 1116 daAuts
    D:10: 1070 daAuts
  Lair:2: 1066 daAuts
     D:9: 1053 daAuts
  Lair:3: 956 daAuts
Shoals:1: 955 daAuts
     D:5: 897 daAuts
     D:2: 880 daAuts
     D:4: 863 daAuts
     D:6: 827 daAuts
    D:11: 694 daAuts
     D:1: 669 daAuts
